Map: [TLMC14] Blackburn

Players

Rogue - Winner!

  • Race: Zerg Zerg

Maru

  • Race: Terran Terran

Event: DreamHack SC2 Masters 2021 Winter

VOD

Have the link to the VOD?

Description

Time

  • Played on: Nov. 14, 2021, 11:51 a.m.
  • Length: 17:27

All games in this series

Show
View Real Time Build Order
Export as new Build Order

Rogue Zerg - Winner!

Build Orders: Hatch First, Lurkers 

Get SALT Encoding   

  12  0:00  Drone  
  13  0:11  Overlord  
  13  0:16  Drone  
  14  0:30  Drone x2  
  16  0:48  Hatchery  
  15  0:51  Drone  
  15  0:54  Drone  
  17  0:57  Drone  
  18  1:08  Extractor  
  17  1:13  Spawning Pool  
  17  1:16  Drone  
  17  1:20  Drone  
  18  1:27  Drone  
  19  1:38  Drone  
  20  1:49  Drone  
  21  2:00  Queen x2  
  21  2:01  Zergling x4  
  27  2:10  Zergling x2  
  27  2:11  Overlord  
  28  2:21  Extractor  
  28  2:22  Drone  
  30  2:30  Drone  
  30  2:32  Drone x2  
  31  2:39  Queen  
  31  2:42  Metabolic Boost, Extractor  
  31  2:43  Overlord  
  32  2:45  Drone  
  33  2:54  Drone  
  33  2:55  Drone  
  36  3:11  Drone x5, Hatchery  
  40  3:15  Queen  
  40  3:19  Overlord  
  42  3:23  Drone  
  42  3:24  Drone  
  44  3:31  Overlord  
  44  3:39  Drone x3  
  47  3:46  Zergling x4  
  47  3:47  Queen  
  47  3:48  Drone  
  52  3:50  Drone  
  52  3:52  Queen  
  55  3:57  Drone x3  
  55  3:58  Drone  
  55  4:02  Drone  
  60  4:08  Overlord  
  60  4:18  Overlord  
  60  4:23  Queen, Overlord  
  62  4:25  Queen  
  62  4:26  Zergling x2  
  62  4:27  Zergling x8  
  62  4:31  Overlord  
  69  4:38  Zergling x10  
  70  4:44  Zergling x2  
  71  4:50  Drone  
  71  4:52  Queen  
  65  4:58  Drone x6, Queen  
  73  5:04  Drone  
  73  5:05  Lair  
  73  5:06  Drone x3, Extractor  
  76  5:10  Spore Crawler  
  76  5:12  Spore Crawler  
  74  5:15  Spore Crawler  
  74  5:19  Spore Crawler  
  74  5:20  Drone x5  
  77  5:27  Overlord  
  77  5:28  Baneling Nest  
  77  5:32  Extractor x2  
  77  5:35  Drone x6  
  80  5:37  Drone  
  80  5:39  Drone  
  80  5:40  Overlord  
  80  5:42  Overlord  
  82  5:49  Overlord  
  82  5:51  Extractor x2  
  82  5:56  Drone x2  
  82  5:57  Drone  
  84  6:04  Drone x5  
  84  6:05  Drone, Overseer  
  84  6:06  Spire  
  84  6:08  Drone  
  84  6:09  Drone x4  
  93  6:13  Baneling x3  
  93  6:23  Zergling x2  
  93  6:24  Zergling x6  
  97  6:28  Drone  
  97  6:29  Drone  
  96  6:36  Zergling x14  
  101  6:41  Drone  
  101  6:42  Drone x3  
  101  6:43  Drone  
  101  6:45  Overlord  
  105  6:48  Evolution Chamber  
  105  6:53  Centrifugal Hooks, Overlord  
  104  6:55  Hatchery  
  101  7:18  Mutalisk  
  101  7:19  Mutalisk x8  
  101  7:21  Zergling x2  
  101  7:22  Zergling x10  
  123  7:27  Evolution Chamber  
  122  7:33  Drone x3  
  122  7:34  Drone x3, Zerg Ground Armor Level 1  
  128  7:37  Hatchery  
  128  7:39  Hatchery  
  127  7:46  Mutalisk  
  127  7:48  Overlord x3  
  129  7:54  Hatchery  
  129  7:55  Zerg Melee Weapons Level 1  
  128  7:58  Drone  
  128  7:59  Drone, Pneumatized Carapace  
  128  8:00  Zerg Flyer Weapons Level 1  
  130  8:07  Mutalisk  
  130  8:08  Mutalisk x2  
  130  8:09  Zergling x4  
  130  8:11  Drone  
  139  8:13  Drone  
  139  8:16  Drone  
  139  8:23  Mutalisk x2  
  144  8:27  Drone x9  
  144  8:30  Extractor  
  151  8:34  Mutalisk x2  
  151  8:36  Overlord x3  
  155  8:41  Overlord  
  155  8:45  Drone x3  
  155  8:46  Overlord  
  158  8:52  Drone x5  
  158  8:54  Zergling x2  
  158  8:55  Zergling x10  
  169  9:01  Drone  
  169  9:02  Drone x3  
  170  9:09  Burrow  
  168  9:14  Zergling x14  
  168  9:15  Infestation Pit  
  168  9:16  Zergling x12  
  180  9:17  Corruptor x2  
  180  9:18  Extractor  
  183  9:32  Hatchery  
  183  9:37  Zergling x16  
  183  9:38  Zergling x8  
  193  9:39  Zergling x10  
  193  9:41  Zerg Ground Armor Level 2  
  193  9:43  Spore Crawler  
  198  9:49  Zergling x2  
  198  9:50  Zergling x2  
  198  9:51  Hive  
  199  9:56  Baneling  
  199  9:57  Baneling x24  
  199  10:03  Zerg Flyer Armor Level 1  
  199  10:06  Drone  
  200  10:15  Zerg Melee Weapons Level 2  
  200  10:20  Extractor  
  199  10:21  Hydralisk Den, Zergling x2, Extractor  
  199  10:22  Zergling x4  
  200  10:30  Baneling x2  
  200  10:31  Baneling x4  
  200  10:34  Zergling x12  
  199  10:49  Baneling x12, Spore Crawler  
  198  10:50  Baneling x12  
  198  10:51  Drone  
  198  10:56  Lurker Den  
  196  10:57  Zergling x2  
  196  10:58  Zergling x4  
  198  11:10  Zergling x26  
  200  11:16  Zergling x2  
  164  11:18  Zergling x2  
  164  11:20  Zergling x2  
  164  11:21  Zergling x42  
  164  11:22  Zergling x2  
  164  11:25  Hydralisk x8  
  175  11:32  Baneling x13  
  187  11:33  Baneling  
  187  11:35  Zergling x10  
  187  11:36  Zergling x6  
  187  11:37  Overseer, Baneling x9  
  187  11:39  Zergling x2  
  195  11:40  Zergling x2  
  195  11:43  Drone x4  
  195  11:44  Drone  
  200  11:54  Baneling, Nydus Network  
  200  11:55  Baneling x11  
  200  11:59  Overseer  
  199  12:11  Hatchery  
  196  12:19  Drone  
  196  12:20  Grooved Spines, Seismic Spines  
  193  12:23  Zerg Ground Armor Level 3  
  189  12:37  Lurker x4  
  190  12:38  Lurker  
  190  12:39  Zergling x16  
  200  12:50  Zergling x2, Extractor x2  
  198  12:52  Spore Crawler  
  187  13:04  Lurker  
  187  13:05  Zergling x2, Lurker x2  
  188  13:06  Zergling x22  
  200  13:17  Adaptive Talons  
  200  13:19  Zergling x2  
  198  13:23  Zergling x2  
  198  13:24  Zergling x34  
  200  13:32  Nydus Canal  
  200  13:33  Zergling x2  
  197  13:39  Hydralisk  
  197  13:40  Hydralisk x5  
  199  13:42  Zergling x4  
  199  13:44  Zergling x2  
  199  13:47  Zerg Missile Weapons Level 1  
  196  13:48  Baneling  
  196  13:49  Baneling x6  
  196  13:50  Drone x3  
  199  13:56  Zergling x2  
  160  14:05  Zergling x14  
  160  14:06  Zergling x20  
  160  14:09  Zergling x28  
  170  14:11  Zergling x4  
  170  14:14  Zergling x4  
  174  14:19  Zerg Flyer Weapons Level 2  
  174  14:21  Zergling x30  
  174  14:23  Lurker x6  
  189  14:24  Drone  
  189  14:25  Drone x2  
  189  14:26  Zergling x2  
  189  14:29  Zergling x2  
  189  14:30  Zergling x2  
  189  14:31  Zergling x8  
  199  14:33  Drone  
  200  14:39  Nydus Canal  
  186  14:55  Zergling x2  
  186  14:57  Zergling x4  
  164  15:00  Zergling x4, Corruptor  
  164  15:03  Zergling x2  
  164  15:04  Zergling x16  
  164  15:06  Zergling x12  
  164  15:07  Zergling x20  
  177  15:12  Zergling x2  
  177  15:13  Zergling x2  
  177  15:14  Hydralisk x4  
  180  15:19  Baneling x10  
  180  15:20  Baneling, Zergling x2  
  180  15:21  Zergling x18  
  192  15:22  Zergling x2  
  192  15:23  Zergling x2  
  192  15:24  Zergling x2  
  192  15:26  Zergling x6  
  198  15:30  Zergling x2  
  199  15:35  Zergling x2  
  198  15:45  Zergling x10  
  198  15:47  Zergling x2  
  197  15:54  Lurker x3  
  197  15:55  Baneling x11  
  197  15:56  Baneling x14  
  184  16:11  Zergling x10  
  184  16:14  Zergling x12  
  184  16:15  Zergling x16  
  184  16:17  Zergling x2  
  196  16:18  Zergling x4  
  196  16:19  Zergling x2  
  196  16:22  Zergling x8  
  196  16:23  Zergling x4  
  198  16:30  Zergling x2  
  198  16:31  Zergling x8  
  198  16:33  Zergling x2  
  198  16:36  Zergling x2  
  199  16:41  Zergling x2  
  199  16:46  Zergling x6  
  199  16:50  Zergling x4  
  178  17:01  Zergling x30  
  163  17:02  Zergling x32  
  163  17:08  Zergling x12  
  185  17:20  Spine Crawler  
Show
View Real Time Build Order
Export as new Build Order

Maru Terran 

Build Orders: Reaper Expand, Hellion Banshee 

Get SALT Encoding   

  12  0:00  SCV  
  13  0:12  SCV  
  14  0:16  Supply Depot  
  14  0:24  SCV  
  15  0:38  SCV  
  15  0:39  Barracks  
  16  0:43  Refinery  
  16  0:50  SCV  
  17  1:02  SCV  
  18  1:14  SCV  
  19  1:27  Reaper, Orbital Command  
  20  1:41  Command Center  
  20  1:53  Supply Depot  
  20  1:54  SCV  
  21  1:58  Marine  
  22  2:06  SCV  
  23  2:09  Factory  
  23  2:18  SCV  
  23  2:19  Barracks Reactor  
  24  2:23  Bunker  
  24  2:30  SCV  
  24  2:31  Refinery  
  25  2:42  SCV  
  26  2:52  Orbital Command  
  26  2:54  SCV  
  26  2:57  Starport  
  27  3:03  Hellion x2  
  31  3:06  SCV  
  31  3:12  Marine  
  32  3:18  SCV  
  32  3:19  SCV  
  35  3:21  Supply Depot  
  35  3:25  Hellion  
  35  3:26  Hellion  
  39  3:30  Marine  
  39  3:34  Medivac  
  42  3:39  Armory  
  42  3:40  SCV  
  43  3:42  SCV  
  43  3:48  Marine  
  44  3:51  Hellion x2  
  49  3:56  SCV x2  
  49  3:59  Supply Depot  
  51  4:04  Starport Tech Lab  
  51  4:07  Barracks Tech Lab  
  51  4:08  SCV x2  
  53  4:20  SCV  
  53  4:21  Hellion x2  
  53  4:23  Supply Depot  
  58  4:24  Cloaking Field  
  58  4:25  Banshee  
  58  4:28  SCV  
  62  4:41  SCV  
  62  4:45  SCV  
  61  4:47  Hellion x2  
  59  4:53  SCV  
  59  4:57  SCV, Stimpack, Marine  
  59  5:02  Command Center  
  59  5:03  Hellion  
  59  5:05  SCV  
  60  5:09  SCV  
  60  5:11  Banshee  
  64  5:17  SCV  
  65  5:22  Barracks  
  65  5:23  Supply Depot  
  65  5:26  SCV  
  65  5:27  Factory Reactor, Marine  
  67  5:30  Barracks  
  67  5:35  Engineering Bay  
  67  5:36  SCV, Refinery  
  67  5:37  Engineering Bay  
  68  5:43  SCV  
  69  5:50  SCV  
  69  5:53  Barracks x2  
  69  5:56  SCV  
  71  5:58  Marine  
  71  6:03  Terran Infantry Weapons Level 1, Starport Reactor, Terran Infantry Armor Level 1  
  72  6:07  SCV  
  72  6:08  SCV  
  72  6:10  Refinery  
  74  6:14  Orbital Command  
  74  6:16  Marine  
  75  6:20  Marine x2  
  75  6:21  SCV  
  78  6:27  SCV  
  79  6:33  Marine  
  79  6:35  Marine x2  
  79  6:37  SCV  
  79  6:38  Marine x2  
  79  6:39  SCV  
  83  6:40  Orbital Command  
  83  6:42  Barracks Reactor  
  83  6:43  Barracks Reactor  
  83  6:44  Siege Tank  
  84  6:49  SCV  
  84  6:51  SCV  
  84  6:52  Supply Depot x2  
  84  6:53  Medivac x2  
  91  7:01  SCV, Combat Shield, Marine x2  
  93  7:13  SCV x3, Marine x3  
  99  7:19  Marine x2  
  99  7:23  Marine  
  99  7:24  Marine x2  
  99  7:25  Missile Turret, SCV  
  99  7:26  SCV  
  99  7:27  SCV  
  99  7:28  Supply Depot  
  99  7:29  Supply Depot  
  105  7:31  Supply Depot, Missile Turret  
  105  7:33  Marine  
  106  7:38  SCV x2  
  106  7:41  Factory Reactor  
  106  7:42  Marine  
  109  7:44  Factory  
  109  7:45  Missile Turret  
  109  7:49  Marine x4  
  113  7:52  SCV  
  113  7:55  Medivac x2  
  113  7:56  Marine x2  
  113  7:57  Marine x2  
  122  8:00  Terran Infantry Weapons Level 2, Terran Infantry Armor Level 2, Marine  
  122  8:05  SCV  
  123  8:07  Marine x2  
  123  8:11  SCV  
  122  8:13  Missile Turret  
  122  8:16  SCV  
  123  8:20  SCV  
  123  8:24  Command Center  
  123  8:25  SCV  
  123  8:28  SCV  
  123  8:29  Widow Mine x2  
  123  8:32  Medivac x2  
  132  8:36  Terran Vehicle And Ship Armor Level 1  
  132  8:38  Supply Depot x2  
  132  8:40  Supply Depot  
  132  8:41  Drilling Claws  
  132  8:42  Missile Turret  
  132  8:44  Refinery x2  
  132  8:46  Supply Depot  
  132  8:50  Barracks x2  
  132  8:52  Barracks  
  132  8:59  Widow Mine x2  
  136  9:03  SCV  
  134  9:11  Marauder, Marine x5  
  134  9:12  Marine x3  
  134  9:16  Supply Depot  
  144  9:17  SCV  
  144  9:18  Missile Turret  
  144  9:20  Sensor Tower, Thor  
  144  9:21  Widow Mine  
  144  9:22  Widow Mine  
  155  9:25  Supply Depot, SCV x2  
  155  9:29  SCV  
  158  9:31  Medivac x2  
  158  9:38  Barracks Tech Lab x2  
  162  9:39  Barracks Tech Lab  
  162  9:41  Supply Depot  
  162  9:42  Supply Depot  
  162  9:47  Marauder, Marine x3  
  162  9:51  Missile Turret  
  167  9:52  Missile Turret  
  167  9:54  Sensor Tower  
  167  9:57  Widow Mine x2  
  171  10:04  Marauder x2  
  180  10:11  Planetary Fortress  
  179  10:19  Missile Turret  
  179  10:23  Missile Turret  
  179  10:24  Terran Infantry Weapons Level 3  
  179  10:26  Terran Infantry Armor Level 3  
  179  10:27  Marine x6  
  179  10:37  Concussive Shells  
  179  10:38  Marauder  
  179  10:39  Marauder  
  179  10:42  Marauder x2, Marine x2  
  189  10:44  Marine  
  189  10:45  Marine  
  191  10:56  Factory x2  
  191  10:59  SCV  
  191  11:00  Marauder  
  191  11:01  Command Center  
  194  11:10  Marauder x3  
  194  11:11  Widow Mine  
  185  11:16  Marine  
  149  11:23  Terran Vehicle Weapons Level 1  
  149  11:24  Thor  
  146  11:25  SCV  
  146  11:26  SCV x2, Refinery  
  146  11:27  Refinery  
  146  11:32  Widow Mine x2  
  151  11:38  SCV x2, Ghost Academy  
  153  11:46  Viking x2  
  157  11:47  SCV  
  157  11:48  SCV  
  157  11:50  SCV  
  157  11:52  SCV  
  157  11:53  Factory Tech Lab x2  
  161  12:06  Command Center  
  161  12:08  Siege Tank  
  164  12:09  Ghost x4  
  170  12:17  Personal Cloaking  
  170  12:27  Missile Turret  
  170  12:31  Siege Tank x2  
  172  12:37  Ghost  
  172  12:43  Siege Tank  
  177  12:45  Sensor Tower  
  177  12:48  Planetary Fortress  
  173  12:59  Refinery x2  
  173  13:01  Ghost x2  
  175  13:08  Siege Tank, Command Center  
  178  13:22  Ghost x2  
  179  13:28  Siege Tank  
  179  13:30  Ghost  
  174  13:40  SCV  
  174  13:41  SCV x3  
  147  13:46  Siege Tank  
  147  13:47  Siege Tank  
  154  13:48  Terran Vehicle Weapons Level 2  
  154  13:52  SCV  
  154  13:53  SCV x3  
  158  14:01  Marine  
  158  14:02  Marauder  
  149  14:04  SCV  
  149  14:05  SCV  
  149  14:06  SCV x2  
  121  14:12  Siege Tank  
  121  14:16  SCV  
  122  14:17  SCV  
  122  14:18  SCV  
  122  14:19  SCV, Siege Tank  
  126  14:26  Sensor Tower  
  126  14:28  SCV, Orbital Command  
  126  14:29  SCV  
  126  14:30  SCV  
  129  14:32  SCV  
  130  14:39  Ghost  
  130  14:40  SCV  
  130  14:44  Ghost  
  130  14:45  Widow Mine  
  120  15:04  Ghost  
  120  15:05  Marine, Ghost  
  120  15:06  Marine x3  
  110  15:07  Ghost  
  112  15:17  Siege Tank  
  115  15:27  Ghost  
  118  15:29  Planetary Fortress  
  117  15:35  Sensor Tower  
  117  15:40  Siege Tank  
  117  15:52  Marauder  
  117  15:54  SCV  
  120  16:01  Siege Tank  
  123  16:08  Widow Mine x2  
  123  16:15  Marine x3  
  123  16:17  Marine  
  118  16:21  SCV  
  114  16:34  Marauder x3  
  114  16:39  SCV x3  
  120  16:41  Siege Tank  
  121  16:54  Marine  
  118  16:55  Marauder  
  118  16:56  Marauder  
  111  17:04  Marauder  
  107  17:11  SCV  
  107  17:12  SCV x2  
  110  17:17  Sensor Tower  

Tags
 
Add a new tag
Caveats
  • Supply blocks, unpowered buildings, or Contaminate may cause inaccurate times.
  • Supply counts are checked every 10 seconds.